 Dungeon Crawl Stone Soup version 0.26.0-10-g1f06aea511 (webtiles) character file.

Game seed: 8043918748634610608

27571 inc the Bewitcher (level 13, -13/60 HPs)
             Began as a Felid Enchanter on Feb 1, 2021.
             Was a Follower of Uskayaw.
             Shot with a bolt by an orc warlord (34 damage)
             ... on level 1 of the Orcish Mines.
             The game lasted 01:09:58 (35637 turns).

inc the Bewitcher (Felid Enchanter)                Turns: 35637, Time: 01:09:59

Health: -13/60     AC:  3    Str: 10    XL:     13   Next: 5%
Magic:  30/32      EV: 44    Int: 18    God:    Uskayaw [*.....]
Gold:   1393       SH:  0    Dex: 20    Spells: 3/21 levels left
                                        Lives:  0   Deaths: 3

rFire    . . .     SeeInvis +     - Unarmed
rCold    + . .     Faith    .   (shield unavailable)
rNeg     . . .     Spirit   .   (armour unavailable)
rPois    .         Reflect  .   (helmet unavailable)
rElec    .         Harm     .   (cloak unavailable)
rCorr    .         Rampage  .   (gloves unavailable)
Will     +....                  (boots unavailable)
Stlth    ++++++....             v - amulet of the acrobat
HPRegen  0.20/turn              B - ring of magical power
MPRegen  0.23/turn              w - +6 ring of strength

@: acrobat, quick
A: very small, no armour, no weapons or thrown items, stealth, claws 1, fangs 3,
see invisible, speed 1, shaggy fur 3, sharp paws
a: Renounce Religion, Stomp


You were on level 1 of the Orcish Mines.
You worshipped Uskayaw.
Uskayaw was pleased with you.
You visited 4 branches of the dungeon, and saw 21 of its levels.
You also visited: Sewer and Bailey.

You collected 2048 gold pieces.
You spent 655 gold pieces at shops.

Inventory:

Jewellery
 b - an uncursed amulet of reflection
 k - an uncursed ring of poison resistance
 v - an amulet of the acrobat (around neck)
 w - a +6 ring of strength (right paw)
 x - an uncursed ring of stealth
 B - a ring of magical power (left paw)
Wands
 y - a wand of random effects (29)
 L - a wand of paralysis (19)
 N - a wand of digging (7)
 O - a wand of flame (12)
Scrolls
 a - 2 scrolls of immolation
 c - 3 scrolls of remove curse
 e - 3 scrolls of fear
 f - 4 scrolls of teleportation
 g - 4 scrolls of fog
 h - 4 scrolls of amnesia
 i - 2 scrolls of blinking
 n - 4 scrolls of random uselessness {unknown}
 o - 2 scrolls of enchant weapon {unknown}
 q - 2 scrolls of torment {unknown}
 A - a scroll of vulnerability {unknown}
 D - 5 scrolls of magic mapping {unknown}
 F - a scroll of noise {unknown}
 I - 2 scrolls of brand weapon {unknown}
 J - 4 scrolls of enchant armour {unknown}
 K - 2 scrolls of silence {unknown}
 M - a scroll of identify
Potions
 d - 4 potions of mutation
 j - 3 potions of curing
 l - 2 potions of berserk rage
 m - 2 potions of ambrosia {unknown}
 p - 4 potions of might
 r - 5 potions of flight
 s - 2 potions of invisibility
 t - 4 potions of attraction
 u - a potion of magic {unknown}
 z - a potion of brilliance
 C - 2 potions of resistance {unknown}
 G - a potion of haste {unknown}
Miscellaneous
 E - a phantom mirror
 H - a condenser vane
 Q - a lightning rod (4/4)


   Skills:
 + Level 9.2 Fighting
 - Level 11.8 Dodging
 - Level 11.4 Stealth
 - Level 5.2 Unarmed Combat
 - Level 4.6 Spellcasting
 - Level 8.8 Conjurations
 - Level 16.0 Hexes
 - Level 5.3 Ice Magic
 - Level 12.3 Invocations
 - Level 6.1 Evocations


You had 3 spell levels left.
You knew the following spells:

 Your Spells              Type           Power        Failure   Level
a - Fulminant Prism       Conj/Hex       24%          1%          4
b - Ensorcelled Hibernat  Hex/Ice        84%          1%          2
c - Confusing Touch       Hex            58%          1%          3
d - Cause Fear            Hex            29%          1%          4
e - Metabolic Englaciati  Hex/Ice        21%          4%          5

Your spell library contained the following spells:

 Spells                   Type           Power        Failure   Level
 Corona                   Hex            64%          1%          1
 Magic Dart               Conj           100%         1%          1
 Searing Ray              Conj           72%          1%          2
 Slow                     Hex            58%          1%          2
 Dazzling Flash           Conj/Hex       96%          1%          3
 Tukima's Dance           Hex            58%          1%          3
 Conjure Flame            Conj/Fire      20%          7%          3
 Mephitic Cloud           Conj/Pois/Air  14%          12%         3
 Animate Skeleton         Necr           8%           14%         1
 Apportation              Tloc           8%           14%         1
 Pain                     Necr           16%          14%         1
 Summon Small Mammal      Summ           16%          14%         1
 Blink                    Tloc           N/A          22%         2
 Call Imp                 Summ           4%           22%         2
 Poisonous Vapours        Pois/Air       8%           22%         2
 Gell's Gravitas          Tloc           2%           38%         3
 Vampiric Draining        Necr           2%           38%         3
 Silence                  Hex/Air        16%          14%         5
 Yara's Violent Unravell  Hex/Tmut       16%          14%         5
 Iskenderun's Mystic Bla  Conj/Tloc      20%          22%         4
 Ice Form                 Ice/Tmut       13%          41%         4
 Discord                  Hex            29%          77%         8
 Animate Dead             Necr           2%           80%         4
 Petrify                  Tmut/Erth      4%           80%         4
 Ozocubu's Refrigeration  Ice            11%          93%         6
 Freezing Cloud           Conj/Ice/Air   10%          97%         6
 Agony                    Necr           4%           98%         5
 Simulacrum               Ice/Necr       6%           100%        6


Dungeon Overview and Level Annotations

Branches:
Dungeon (12/15)            Temple (1/1) D:6            Lair (6/6) D:10
  Swamp (0/4) Lair:4        Snake (0/4) Lair:2        Slime (0/5) Lair:5
    Orc (2/2) D:10          Sewer (visited)          Bailey (visited)
    Elf: Orc:2

Altars:
Ashenzari
Cheibriados
Dithmenos
Elyvilon
Fedhas
Gozag
Hepliaklqana
Kikubaaqudgha
Makhleb
Nemelex Xobeh
Okawaru
Qazlal
Ru
Sif Muna
Trog
Uskayaw
Vehumet
Wu Jian
Xom
Yredelemnul
Zin
The Shining One
Jiyva

Shops:
D:7 :(*}?   D:10 (   D:12 *   Orc:1 [(   Orc:2 (*

Annotations:
D:8 Flubr's ghost, novice MiBe
D:10 1 runed translucent door, Amaterasu's ghost, novice MiFi
Orc:2 2 runed translucent doors, Saint Roka; puimuR's ghost, journeyman HOMo


Innate Abilities, Weirdness & Mutations

You cannot wear armour.
You are incapable of wielding weapons or throwing items.
Your paws allow you to move quietly. (Stealth)
You have sharp claws.
You have razor-sharp teeth.
You have supernaturally acute eyesight. (SInv)
You cover ground quickly.
Your thick and shaggy fur keeps you warm. (AC +3, rC+)
Your sharp claws are effective at attacking unaware monsters.


Message History

Items here: )) [[ †.
Things that are here:
a +0 chain mail; a +0 battleaxe; an orc skeleton
Things that are here:
a +0 plate armour; a +2 vorpal long sword; an orc skeleton An orc warlord is nearby!
Casting: Ensorcelled Hibernation (safe; 1% risk of failure)
Confirm with . or Enter, or press ? or * to list all spells.
Aiming: Ensorcelled Hibernation (safe; 1% risk of failure)
Press: ? - help, Shift-Dir - straight line, f - orc warlord
Aim: an orc warlord, wielding a +0 arbalest, wearing a +0 plate armour and quivering 12 bolts (wandering, hasn't noticed you, chance to affect: 33%)
The orc warlord shouts!
The orc warlord easily resists.
The orc warlord shoots a bolt.
The bolt hits you!!!
Ouch! That really hurt!
Things that are here:
a +0 plate armour; a +2 vorpal long sword; an orc skeleton The orc warlord shoots a bolt.
The bolt hits you!!
Ouch! That really hurt!
You die...

###.........##.###.##
#....o....######..#
##........# #....##
##.......####.....##
###.....(###.#..[...#
##.##(.[..(.....[)....
##...[..#..[...)[.#....
##.......#.#[...[..##...
##∩.....@####.[[.######..
#.........###.......#....
##.#...........[)........
#####..................#
#.#.....)##.........
###...).[###.......#
#........#..(..>.##
###...#....#....#....
###....##.........##.>.


You could see an orc warlord.

Vanquished Creatures
  An orc warlord (D:10)
  A boulder beetle (D:11)
  7 hydras
  11 death yaks
  A two-headed ogre (shapeshifter) (D:11)
  2 two-headed ogres
  A centaur warrior (D:12)
  An orc high priest (Orc:1)
  A lindwurm (Lair:5)
  A deep elf mage (D:7)
  3 orc knights
  2 oklob plants (Lair:5)
  2 ugly things
  2 orc sorcerers
  6 elephants
  3 black mambas
  2 molten gargoyles (D:11)
  4 torpor snails
  12 cane toads
  A gargoyle (D:12)
  3 rime drakes (Lair:5)
  7 komodo dragons
  A meliai (D:8)
  A tyrant leech (Lair:4)
  4 polar bears (Lair:4)
  4 hornets
  7 trolls
  26 blink frogs
  Prince Ribbit (D:5)
  A meliai zombie (D:12)
  7 dream sheep
  Sigmund (D:5)
  A water elemental (D:12)
  3 wyverns
  A redback (D:7)
  A vampire (D:12)
  A shadow (D:11)
  A wraith (D:12)
  2 humans (D:7)
  41 yaks
  5 basilisks
  Menkaure (D:5)
  A naga (Lair:2)
  10 wargs
  2 acid dragons (D:11)
  A soldier ant (Lair:6)
  19 water moccasins
  3 ice beasts
  2 eyes of draining (D:11)
  A phantom (D:11)
  3 black bears
  13 ogres
  33 orc warriors
  4 sky beasts
  3 necrophages
  7 centaurs
  2 big kobolds
  21 bullfrogs
  A wyvern zombie (D:11)
  2 wyvern skeletons
  7 scorpions
  7 killer bees (D:10)
  4 wights (D:12)
  2 electric eels (D:12)
  A quasit (D:11)
  A bullfrog zombie (D:9)
  3 centaur zombies
  7 hounds
  3 jellies
  15 orc priests
  2 bullfrog skeletons
  Crazy Yiuf (D:2)
  4 centaur skeletons
  Natasha (twice) (D:3 D:2)
  2 iguanas
  17 orc wizards
  6 worker ants
  2 killer bee zombies
  A hound zombie (D:6)
  2 hound skeletons
  A howler monkey zombie (D:9)
  8 gnolls
  13 adders
  2 shadow imps
  2 white imps
  3 ufetubi
  2 oozes (D:4)
  An adder zombie (D:7)
  3 adder skeletons
  5 worms
  2 dart slugs (D:3)
  7 leopard geckos
  65 orcs
  5 bats
  3 giant cockroaches
  9 goblins
  7 hobgoblins
  11 jackals
  12 kobolds
  4 quokkas
  2 ball pythons (Sewer)
  8 frilled lizards
  2 jackal skeletons
  3 leopard gecko skeletons
  A quokka zombie (D:5)
  5 rats
587 creatures vanquished.

Vanquished Creatures (others)
  An orc (Orc:1)
  124 fulminant prisms
  77 fungi
  109 plants
311 creatures vanquished.

Grand Total: 898 creatures vanquished

Notes
Turn   | Place    | Note
-------+----------+-------------------------------------------
     0 | D:1      | inc the Felid Enchanter began the quest for the Orb.
     0 | D:1      | Reached XP level 1. HP: 7/7 MP: 4/4
   481 | D:1      | Reached XP level 2. HP: 11/11 MP: 6/6
   486 | D:1      | Learned a level 2 spell: Ensorcelled Hibernation
  1286 | D:2      | Reached XP level 3. HP: 14/14 MP: 7/7
  1898 | D:2      | Found a runed translucent door.
  1899 | D:2      | Noticed Crazy Yiuf
  2045 | D:2      | Killed Crazy Yiuf
  2046 | D:2      | Reached XP level 4. HP: 18/18 MP: 1/8
  2451 | D:3      | Found a blossoming altar of Fedhas.
  2480 | D:3      | Found a radiant altar of Vehumet.
  2607 | D:3      | Found a glowing drain.
  2621 | Sewer    | Entered a sewer
  2785 | Sewer    | Reached XP level 5. HP: 6/21 MP: 1/9
  3076 | Sewer    | Noticed Purgy
  3689 | D:3      | Noticed Natasha
  3695 | D:3      | Killed Natasha
  3696 | D:3      | Reached skill level 5 in Unarmed Combat
  3891 | D:3      | Noticed Natasha
  3927 | D:2      | Killed Natasha
  4368 | D:4      | Reached skill level 1 in Fighting
  4393 | D:4      | Learned a level 3 spell: Confusing Touch
  4556 | D:4      | Found a glowing silver altar of Zin.
  4563 | D:5      | Entered Level 5 of the Dungeon
  4694 | D:4      | Reached skill level 1 in Ice Magic
  4694 | D:4      | Gained mutation: You are covered in thick fur. (AC +2)
                  | [Felid growth]
  4694 | D:4      | Reached XP level 6. HP: 25/25 MP: 7/10
  4697 | D:4      | Reached skill level 5 in Hexes
  4700 | D:4      | Found a sparkling altar of Nemelex Xobeh.
  4796 | D:4      | Found a snail-covered altar of Cheibriados.
  5571 | D:4      | Reached skill level 6 in Hexes
  5607 | D:4      | Reached XP level 7. HP: 18/28 MP: 4/11
  6171 | D:4      | Reached skill level 7 in Hexes
  6380 | D:5      | Noticed Sigmund
  6620 | D:4      | Reached skill level 8 in Hexes
  6722 | D:5      | Killed Sigmund
  6723 | D:5      | Reached XP level 8. HP: 32/32 MP: 9/12
  6865 | D:5      | Reached skill level 9 in Hexes
  7132 | D:5      | Noticed Prince Ribbit
  7138 | D:5      | Killed Prince Ribbit
  7139 | D:5      | Reached skill level 5 in Ice Magic
  7281 | D:5      | Found an opulent altar of Gozag.
  7322 | D:5      | Noticed Menkaure
  7501 | D:5      | Killed Menkaure
  7502 | D:5      | Reached skill level 5 in Stealth
  8185 | D:6      | Found a staircase to the Ecumenical Temple.
  8228 | Temple   | Entered the Ecumenical Temple
  8292 | Temple   | Became a worshipper of Uskayaw the Reveller
  8454 | D:6      | Reached * piety under Uskayaw
  8455 | D:6      | Reached skill level 5 in Dodging
  8463 | D:6      | Found a shadowy altar of Dithmenos.
  8518 | D:6      | Found a glowing golden altar of the Shining One.
  8615 | D:6      | Reached ** piety under Uskayaw
  8805 | D:6      | Found an ancient bone altar of Kikubaaqudgha.
  8806 | D:6      | Found a shimmering altar of Xom.
  8809 | D:6      | Found a bloodstained altar of Trog.
  8856 | D:6      | Reached XP level 9. HP: 10/38 MP: 5/13
 10048 | D:6      | Found a shimmering blue altar of Sif Muna.
 10682 | D:7      | Found Peotebribb's Gadget Emporium.
 10803 | D:7      | Found Weoniniu's Assorted Antiques.
 10812 | D:7      | Found an iron altar of Okawaru.
 11001 | D:7      | Slain by an ice beast
 11002 | D:7      | Reached XP level 8. HP: -2/36 MP: 11/12
 11405 | D:7      | Reached skill level 5 in Fighting
 11671 | D:7      | Found Ruesch's Book Boutique.
 11778 | D:7      | Found Manecius's Weapon Shop.
 11793 | D:7      | Reached XP level 9. HP: 31/40 MP: 10/13
 12167 | D:7      | Found Loclexan's Magic Scroll Emporium.
 12171 | D:7      | Bought a scroll of blinking for 105 gold pieces
 12327 | D:8      | Found a broken altar of Ashenzari.
 12756 | D:7      | Noticed a deep elf mage
 12756 | D:7      | Noticed a purple ugly thing
 12814 | D:7      | Killed a deep elf mage
 12911 | D:7      | Reached *** piety under Uskayaw
 12912 | D:7      | Killed a purple ugly thing
 12913 | D:7      | Reached skill level 10 in Stealth
 13390 | D:7      | Bought a book of Hexes for 550 gold pieces
 13395 | D:7      | Learned a level 4 spell: Cause Fear
 13564 | D:8      | Reached skill level 10 in Hexes
 13564 | D:8      | Reached XP level 10. HP: 45/46 MP: 5/14
 14071 | D:8      | Found a runed translucent gate.
 14071 | D:8      | Found a runed translucent gate.
 14071 | D:8      | Found a runed translucent gate.
 14211 | D:8      | Noticed Flubr's ghost (novice MiBe)
 14374 | D:8      | Reached skill level 11 in Hexes
 14753 | D:9      | Noticed a two-headed ogre
 14783 | D:9      | Killed a two-headed ogre
 14784 | D:9      | Reached skill level 12 in Hexes
 15347 | D:9      | Found a burning altar of Makhleb.
 15561 | D:10     | Entered Level 10 of the Dungeon
 15570 | D:10     | Found a staircase to the Orcish Mines.
 15629 | D:10     | Found a flagged portal.
 15715 | D:10     | Noticed a two-headed ogre
 15724 | D:10     | Killed a two-headed ogre
 15725 | D:10     | Reached skill level 10 in Dodging
 15960 | Bailey   | Entered a bailey
 16105 | Bailey   | Found a bloodstained altar of Trog.
 16245 | D:10     | Reached skill level 1 in Evocations
 16364 | D:10     | Reached XP level 11. HP: 49/49 MP: 12/15
 16960 | D:10     | Found a staircase to the Lair.
 16972 | D:10     | Found Hitiosyd's Weapon Shop.
 17131 | D:10     | Found a runed translucent door.
 17133 | D:10     | Noticed Amaterasu's ghost (novice MiFi)
 17281 | D:10     | Reached **** piety under Uskayaw
 17743 | D:11     | Reached skill level 5 in Evocations
 17810 | D:11     | Noticed a cyan ugly thing
 17817 | D:11     | Killed a cyan ugly thing
 17893 | D:11     | Learned a level 4 spell: Fulminant Prism
 17986 | D:11     | HP: 1/49 [molten gargoyle/cursed -3 flail (9)]
 18326 | Lair:1   | Entered Level 1 of the Lair of Beasts
 18342 | Lair:1   | Reached skill level 1 in Conjurations
 18464 | Lair:1   | Noticed a four-headed hydra
 18469 | Lair:1   | Killed a four-headed hydra
 18856 | Lair:1   | Reached skill level 5 in Conjurations
 19444 | Lair:2   | Found a staircase to the Snake Pit.
 19980 | Lair:2   | Reached skill level 13 in Hexes
 19980 | Lair:2   | Gained mutation: Your thick and shaggy fur keeps you warm.
                  | (AC +3, rC+) [Felid growth]
 19980 | Lair:2   | Reached XP level 12. HP: 53/53 MP: 16/16
 20871 | Lair:3   | Noticed a six-headed hydra
 21541 | Lair:3   | Reached skill level 14 in Hexes
 21553 | Lair:3   | Noticed a seven-headed hydra
 21595 | Lair:3   | Killed a seven-headed hydra
 21920 | Lair:3   | Killed a six-headed hydra
 22387 | Lair:4   | Noticed a five-headed hydra
 22726 | Lair:4   | Killed a five-headed hydra
 22891 | Lair:4   | Reached skill level 1 in Invocations
 23176 | Lair:4   | Found a staircase to the Swamp.
 23588 | Lair:4   | Reached XP level 13. HP: 57/57 MP: 20/20
 23743 | Lair:4   | Reached skill level 5 in Invocations
 25990 | Lair:5   | Paralysed by a hornet for 1 turns
 26618 | Lair:5   | Reached skill level 10 in Invocations
 26642 | Lair:5   | Reached ***** piety under Uskayaw
 27675 | Lair:5   | Found a viscous altar of Jiyva.
 27676 | Lair:5   | Found a staircase to the Slime Pits.
 27931 | Lair:6   | Entered Level 6 of the Lair of Beasts
 28109 | Lair:6   | Reached XP level 14. HP: 54/60 MP: 23/23
 29125 | Orc:1    | Entered Level 1 of the Orcish Mines
 30070 | D:11     | Learned a level 5 spell: Metabolic Englaciation
 30712 | D:12     | Reached skill level 15 in Hexes
 30735 | D:12     | Found Zuud Awe's Assorted Antiques.
 31553 | D:12     | Noticed a frost giant
 31563 | D:12     | Noticed a storm dragon
 31853 | Orc:1    | Noticed an orc warlord
 31892 | D:10     | Reached skill level 16 in Hexes
 32068 | Orc:1    | Slain by an orc warrior
 32069 | Orc:1    | Reached XP level 13. HP: -3/57 MP: 22/32
 32069 | Orc:1    | Found a burning altar of Makhleb.
 32085 | Orc:1    | Found Januf's Antique Armour Boutique.
 32125 | Orc:1    | Mangled by an orc warrior
 32126 | Orc:1    | Reached XP level 12. HP: -9/50 MP: 11/31
 32578 | D:10     | Killed an orc warlord
 33289 | Orc:2    | Entered Level 2 of the Orcish Mines
 33289 | Orc:2    | Found Asaollus's Weapon Shoppe.
 33306 | Orc:2    | Found a runed translucent gate.
 33307 | Orc:2    | Found a runed translucent gate.
 33308 | Orc:2    | Noticed puimuR's ghost (journeyman HOMo)
 33370 | Orc:2    | Found Nole's Assorted Antiques.
 33733 | Orc:2    | Noticed an orc warlord
 34019 | Orc:2    | Noticed Saint Roka
 34682 | Orc:1    | Reached XP level 13. HP: 49/60 MP: 23/23
 35637 | Orc:1    | Shot with a bolt by an orc warlord

Illustrated notes

Levels and vault maps discovered:
D:1:      minmay_arrival_diagonal_passages, layout_loops_ring
D:2:      layout_loops_ring, uniq_crazy_yiuf_cottage
D:3:      layout_basic, nicolae_overflow_crystal_walls, portal_sewer_entry_d,
          fedhas_altar_2, uniq_natasha
D:4:      layout_basic, lemuel_round_altar,
          chequers_temple_overflow_statue_of_worship
D:5:      layout_basic, grunt_gozag_breadcrumbs, uniq_prince_ribbit1,
          uniq_sigmund, uniq_menkaure
D:6:      layout_layer_cave, grunt_temple_overflow_open,
          minmay_temple_entry_proselytizer, basic_altar,
          chequers_serial_rivers_marsh, led_sif_pool
D:7:      minmay_klotski, layout_cave_pods, okawaru_humans, serial_shops, shop,
          kennysheep_mini, nicolae_shop_trees, shop, nicolae_shop_statue_plus
D:8:      layout_gridville, lemuel_round_altar, gammafunk_ghost_split
D:9:      layout_irregular_city, makhleb_heckhound_becter,
          kennysheep_small_square
D:10:     layout_rooms, erik_lair_orcish_takeover, orc_0_dummy, special_room
          [special_room_orc], serial_shops, shop, enter_bailey_5,
          ebering_ghost_reflecting_pool
D:11:     cheibrodos_magma_flow, layout_irregular_city
D:12:     layout_basic, serial_shops, shop, minmay_checkered_concentric_circles
Temple:   dpeg_chambers_temple
Lair:1:   layout_regular_city, serial_forest, infiniplex_forest_lined_corner,
          infiniplex_forest_clump_small, infiniplex_forest_lined_room_2,
          infiniplex_forest_lined_corner, infiniplex_forest_clump_large,
          chequers_serial_rivers_micro_d, st_stairs_3
Lair:2:   layout_roguey, guppyfry_snake_entry_island, grunt_megastairs_5
Lair:3:   layout_regular_city, chequers_serial_rivers_micro_d
Lair:4:   layout_regular_city, minmay_swamp_entry_worms, beast_lair_carwin_8,
          grunt_megastairs_4, lemuel_fruit_tree
Lair:5:   cheibrodos_lair_overgrown_chateau, layout_long_grid,
          dpeg_slime_entry_enclosed_altar, minmay_lair_oklob_chamber
Lair:6:   evilmike_catoblepas_cave, layout_small_grid, minivault_29
Orc:1:    layout_diamond_mine, serial_shops, shop, basic_altar
Orc:2:    grunt_orc_gardens, layout_diamond_mine, grunt_orc_garden,
          grunt_orc_garden, grunt_orc_garden, grunt_orc_garden, special_room,
          gammafunk_ghost_split, serial_shops, nicolae_shop_statue_plus, shop,
          nicolae_shop_behind_doors, nicolae_shop_crystal, uniq_saint_roka

Skill      XL: |  1  2  3  4  5  6  7  8  9 10 11 12 13 14 |
---------------+-------------------------------------------+-----
Unarmed Combat | 2 3 4 5 |  5.2
Dodging        | 3 5 9 10 11 | 11.8
Fighting       | 1 5 6 9 |  9.2
Ice Magic      | 1 2 4 5 |  5.3
Hexes          | 6 8 9 10 12 13 14 16 | 16.0
Stealth        | 8 10 11 | 11.4
Evocations     | 2 6 |  6.1
Conjurations   | 7 8 |  8.8
Spellcasting   | 4 |  4.6
Invocations    | 4 11 12 | 12.3

Action                   |  1- 3 |  4- 6 |  7- 9 | 10-12 | 13-15 || total
-------------------------+-------+-------+-------+-------+-------++-------
Melee: Unarmed           |    56 |    96 |   225 |   383 |   330 ||  1090
       Bite              |     2 |     5 |    15 |    23 |    37 ||    82
       Punch             |       |       |     2 |     5 |     7 ||    14
 Cast: Corona            |     7 |       |       |       |       ||     7
       Ensorcelled Hiber |     6 |    62 |   121 |   299 |   216 ||   704
       Confusing Touch   |       |       |    13 |    17 |    23 ||    53
       Cause Fear        |       |       |       |    13 |    15 ||    28
       Fulminant Prism   |       |       |       |    52 |    72 ||   124
       Metabolic Englaci |       |       |       |       |     6 ||     6
  Use: Potion            |     3 |     2 |     1 |     1 |     3 ||    10
       Scroll            |       |     5 |     7 |     3 |     3 ||    18
 Stab: Sleeping          |    12 |    43 |    83 |   199 |   105 ||   442
       Confused          |       |       |    16 |    20 |    33 ||    69
       Paralysed         |       |       |     1 |     7 |    16 ||    24
       Distracted        |       |       |       |       |     3 ||     3
Armor: Skin              |     2 |     1 |     8 |    14 |    17 ||    42
Dodge: Dodged            |    38 |    90 |   194 |   557 |   446 ||  1325
Block: Other             |       |     7 |     2 |       |       ||     9
